 Dungeon Crawl Stone Soup version 0.31-a0-963-ga325b2283a (webtiles) character file.

Game seed: 5539616226670622915

298 Sanktem7 the Chopper (level 6, -13/55 HPs)
             Began as a Minotaur Fighter on Oct 25, 2023.
             Mangled by an ogre
             ... wielding a +0 giant spiked club
              (23 damage)
             ... on level 4 of the Dungeon.
             The game lasted 00:03:00 (2189 turns).

Sanktem7 the Chopper (Minotaur Fighter)             Turns: 2189, Time: 00:03:00

Health: -13/55     AC:  9    Str: 22    XL:     6   Next: 13%
Magic:  5/5        EV:  8    Int:  5    God:
Gold:   188        SH:  4    Dex: 10    Spells: 5/5 levels left

rFire   . . .        a - +0 war axe {axe}
rCold   . . .        c - +0 buckler
rNeg    . . .        s - +0 chain mail
rPois   .            (helmet restricted)
rElec   .            (no cloak)
rCorr   .            (no gloves)
SInv    .            (no boots)
Will    .....        e - amulet of the acrobat Stlth
                     (no ring)
HPRegen 0.29/turn    (no ring)
MPRegen 0.09/turn

%: acrobat
@: no status effects
A: horns 2, retaliatory headbutt
a: no special abilities


You were on level 4 of the Dungeon.
You visited 1 branch of the dungeon, and saw 4 of its levels.

You collected 188 gold pieces.


Innate Abilities, Weirdness & Mutations

You have a pair of horns on your head.
You reflexively headbutt those who attack you in melee.


   Skills:
 + Level 4.8 Fighting
 * Level 5.0 Axes
 + Level 1.9 Throwing
 + Level 4.6 Armour
 + Level 4.7 Shields


You had 5 spell levels left.
You didn't know any spells.
Your spell library contained the following spells:

 Spells                   Type           Power      Damage    Failure   Level
 Summon Small Mammal      Summ           0%         N/A       99%         1
 Call Canine Familiar     Summ           0%         N/A       100%        3
 Summon Guardian Golem    Hex/Summ       0%         N/A       100%        3
 Haunt                    Necr/Summ      0%         N/A       100%        7
 Borgnjor's Revivificati  Necr           0%         N/A       100%        8
 Death's Door             Necr           0%         N/A       100%        9

Inventory:

Hand Weapons
 a - a +0 war axe (weapon) {axe}
Missiles
 h - 30 stones {throwing}
Armour
 c - a +0 buckler (worn)
 s - a +0 chain mail (worn)
   (You found it on level 3 of the Dungeon)
Jewellery
 e - an amulet of the acrobat (around neck)
   (You found it on level 4 of the Dungeon)
Scrolls
 b - a scroll of noise {unknown}
 f - a scroll of amnesia {unknown}
 j - a scroll of brand weapon {unknown}
 l - a scroll of fog {unknown}
 m - a scroll of torment {unknown}
 o - a scroll of poison {unknown}
 p - a scroll of identify {unknown}
 t - a scroll of revelation {unknown}
Potions
 d - a potion of might
 g - a potion of lignification {unknown}
 i - a potion of ambrosia {unknown}
 k - a potion of curing {unknown}
 n - a potion of invisibility {unknown}
 q - a potion of mutation {unknown}

Dungeon Overview and Level Annotations

Branches:
Dungeon (4/15) Zot: 21770
 Temple: D:4-7

Altars:

#.###..............
###............#...#.
......#..#.##.###....
####..#..#.#.## ##..#
##.......# ##..
#....#.#.# #.##
#.####.##. #.# #
##.#....# #. ..
#@...# ^. #.sgOO...#
##..##.#.# ### ..#.>.
........ #.?###.#
#..# .. ..#


You could see 2 ogres, a scorpion and a goblin.


Message History

You miss something. Your headbutt misses something. You slash the endoplasm!
You kill the endoplasm!
Something hits you.
You barely miss something. You slash the orc!
You kill the orc!
You hear some strange, mumbled words.
Something tries to affect you, but you resist.
You slash something! You barely miss the orc.
The orc hits you with a +0 hand axe.
Something hits you but does no damage. 😮 HP[-2]
You take 2 damage, and now have 31/47 hp.
You barely miss something. You hit the orc.
The orc hits you with a +0 hand axe. Something hits you but does no damage.
You block something's attack.
The orc hits you but does no damage. 😮 HP[-4]
You take 4 damage, and now have 27/47 hp.
You hit something. You hit the orc but do no damage.
The orc hits you but does no damage. Something hits you but does no damage.
You closely miss something. Your headbutt misses something. You slash the orc!
You kill the orc!
Something hits you but does no damage.
You have reached level 6! 😮 HP[+4] MP[+1]
You now have 53 max hp (+6).
You regained 4 hp, and now have 31/53 hp.
Your mp is fully restored (5).
You closely miss something. You slash the orc!
You kill the orc!
Something hits you. The orc hits you but does no damage.
Something hits you. 😮 HP[-2]
You take 2 damage, and now have 29/53 hp.
You slash something!
Reactivating autopickup.
You feel a bit more experienced.
You barely miss the orc. The orc closely misses you.
Your Axes skill increases to level 5! 😮 HP[+2]
You now have 55 max hp (+2).
You regained 2 hp, and now have 31/55 hp.
Things that are here:
a +0 dagger {short}; a +0 robe; an orc corpse You slash the orc!
You kill the orc! 😮 HP[+1]
The orc hits you with a +0 hand axe.
* * * LOW HITPOINT WARNING * * *
Items here: )) [ ††. 😨 HP[-6]
You take 6 damage, and now have 26/55 hp.
You slash the orc!
You kill the orc!
Things that are here:
a +0 hand axe {axe}; a +0 leather armour 😨 HP[+1]
Items here: ))))) [[[ †††††.
Key pressed, stopping explore.
e - an amulet of the acrobat 😎 HP[+28]
Your hp is fully restored (55).
You now have 188 gold pieces (gained 8).
You pick up a book of Callings and begin reading...
You add the spells Summon Small Mammal, Call Canine Familiar and Summon Guardian Golem to your library.
You pick up a Necronomicon and begin reading...
You add the spells Haunt, Borgnjor's Revivification and Death's Door to your library.
h - 30 stones {throwing} (gained 7)
Found a stone staircase leading down.
You start putting on your amulet.
You continue putting on your amulet of the acrobat. x5
You finish putting on your amulet of the acrobat.
You feel ready to tumble and roll out of harm's way.
e - an amulet of the acrobat (around neck)
An ogre comes into view. It is wielding a +0 giant spiked club.
The ogre shouts!
You hear a shout!
An ogre is nearby!
A goblin comes into view. It is wielding a +0 dagger.
The goblin shouts!
The goblin unwields a +0 dagger.
The goblin wields a +0 sling.
The goblin shoots a sling bullet.
The sling bullet misses you.
You hear a shout!
You see here a +0 leather armour.
You slash the ogre!
An ogre comes into view. It is wielding a +0 giant spiked club.
You hit the ogre.
The ogre hits you with a +0 giant spiked club!!
You are too injured to fight recklessly!
You are too injured to fight recklessly!
You are too injured to fight recklessly!
You are too injured to fight recklessly!
You are too injured to fight recklessly!
You are too injured to fight recklessly! 😮 HP[-22]
You take 22 damage, and now have 33/55 hp.
MASSIVE DAMAGE!! (PAUSE)
You completely miss the ogre. You headbutt the ogre!
You hit the ogre but do no damage.
The ogre hits you with a +0 giant spiked club!!
* * * LOW HITPOINT WARNING * * *
A scorpion comes into view.
The ogre hits you with a +0 giant spiked club!!
You die...

Skill      XL: |  1  2  3  4  5  6 |
---------------+-------------------+-----
Axes           | 3 4 5 |  5.0
Fighting       | 4 |  4.8
Armour         | 4 |  4.6
Shields        | 4 |  4.7
Throwing       | 1 |  1.9

Action                     |  1- 3 |  4- 6 || total
---------------------------+-------+-------++-------
  Melee: War axe           |    65 |    53 ||   118
         Headbutt          |    11 |     8 ||    19
 Armour: Scale mail        |    34 |     8 ||    42
         Chain mail        |       |    41 ||    41
  Dodge: Dodged            |    32 |    15 ||    47
  Block: Buckler           |    12 |    11 ||    23

Levels and vault maps discovered:
D:1:      scummos_arrival_hexagon, layout_basic
D:2:      layout_rooms, serial_bayou_pond_e
D:3:      layout_loops_ring
D:4:      layout_loops_ring, minmay_close_crescents

Notes
Turn   | Place    | Note
-------+----------+-------------------------------------------
     0 | D:1      | Sanktem7 the Minotaur Fighter began the quest for the Orb.
     0 | D:1      | Reached XP level 1. HP: 19/19 MP: 0/0
     0 | D:1      | magus.rc [v1.9.6]
    86 | D:1      | Reached XP level 2. HP: 25/27 MP: 1/1
   182 | D:1      | Reached skill level 3 in Axes
   740 | D:2      | Reached skill level 4 in Fighting
   740 | D:2      | Reached skill level 4 in Armour
   740 | D:2      | Reached skill level 4 in Shields
   740 | D:2      | Reached XP level 3. HP: 33/33 MP: 2/2
  1195 | D:3      | Reached XP level 4. HP: 40/40 MP: 3/3
  1259 | D:3      | Noticed an ogre
  1267 | D:3      | Killed an ogre
  1268 | D:3      | Reached skill level 4 in Axes
  1268 | D:3      | Reached skill level 1 in Throwing
  1268 | D:3      | Reached XP level 5. HP: 30/47 MP: 4/4
  2055 | D:4      | Reached XP level 6. HP: 31/53 MP: 5/5
  2057 | D:4      | Reached skill level 5 in Axes
  2173 | D:4      | You pick up a book of Callings and begin reading...
  2173 | D:4      | You add the spells Summon Small Mammal, Call Canine
                  | Familiar and Summon Guardian Golem to your library.
  2176 | D:4      | You add the spells Haunt, Borgnjor's Revivification and
                  | Death's Door to your library.
  2189 | D:4      | HP: 10/55 [ogre/+0 giant spiked club (24)]
  2189 | D:4      | Mangled by an ogre

Vanquished Creatures
  An ogre (D:3)
  2 hounds
  2 orc wizards (D:4)
  3 adders
  3 worms
  A dart slug (D:2)
  6 orcs (D:4)
  6 bats
  7 endoplasms
  A giant cockroach (D:2)
  4 goblins
  3 hobgoblins
  5 kobolds
  3 quokkas
  5 ball pythons
  6 frilled lizards
  7 rats
65 creatures vanquished.

Table legend:
 A = Non-vault XP
 B = Vault XP
 C = Vault XP percentage of total XP
 D = Non-vault monster count
 E = Vault monster count
 F = Vault count percentage of total count
                 A         B        C        D         E       F
            +---------+---------+-------+---------+---------+-------
      Total |     427 |       0 |   0.0 |      65 |       0 |   0.0
            +---------+---------+-------+---------+---------+-------
        D:1 |      32 |       0 |   0.0 |      21 |       0 |   0.0
        D:2 |      44 |       0 |   0.0 |      21 |       0 |   0.0
        D:3 |     214 |       0 |   0.0 |      12 |       0 |   0.0
        D:4 |     137 |       0 |   0.0 |      11 |       0 |   0.0
            +---------+---------+-------+---------+---------+-------

Skill      XL: |  1  2  3  4  5  6 |
---------------+-------------------+-----
Axes           | 3 4 5 |  5.0
Fighting       | 4 |  4.8
Armour         | 4 |  4.6
Shields        | 4 |  4.7
Throwing       | 1 |  1.9

Action                     |  1- 3 |  4- 6 || total
---------------------------+-------+-------++-------
  Melee: War axe           |    65 |    53 ||   118
         Headbutt          |    11 |     8 ||    19
 Armour: Scale mail        |    34 |     8 ||    42
         Chain mail        |       |    41 ||    41
  Dodge: Dodged            |    32 |    15 ||    47
  Block: Buckler           |    12 |    11 ||    23

Illustrated notes

Table legend:
 A = Kills in this place as a percentage of kills in the entire game.
 B = Kills by you in this place as a percentage of kills by you in the entire game.
 C = Kills by friends in this place as a percentage of kills by friends in the entire game.
 D = Other kills in this place as a percentage of other kills in the entire game.
 E = Experience gained in this place as a percentage of experience gained in the entire game.
 F = Experience gained in this place divided by the number of levels of this place that you have seen.
                   A       B       C       D       E      F
               +-------+-------+-------+-------+-------+----------------------
         Total | 100.0 | 100.0 |   N/A |   N/A | 100.0 | 106.8
       Dungeon | 100.0 | 100.0 |   N/A |   N/A | 100.0 | 106.8
               +-------+-------+-------+-------+-------+----------------------

Table legend: (Time is in decaauts)
 A = Elapsed time spent in this place.
 B = Non-inter-level travel time spent in this place.
 C = Inter-level travel time spent in this place.
 D = Time resting spent in this place.
 E = Time spent auto-exploring this place.
 F = Levels seen in this place.
 G = Mean time per level.
                   A        B        C        D        E       F      G
               +--------+--------+--------+--------+--------+-----+--------+
         Total |   2228 |   2126 |    102 |      0 |   1762 |   4 |  557.0 |
       Dungeon |   2228 |   2126 |    102 |      0 |   1762 |   4 |  557.0 |
               +--------+--------+--------+--------+--------+-----+--------+

Top non-repeatable levels by time:
     D:3: 875 daAuts
     D:1: 736 daAuts
     D:2: 407 daAuts
     D:4: 209 daAuts
